 Dungeon Crawl Stone Soup version 0.19.4 (webtiles) character file.

163 Jynx the Poker (level 5, -3/41 HPs)
             Began as a Merfolk Gladiator on Jan 31, 2017.
             Slain by Natasha (7 damage)
             ... on level 3 of the Dungeon.
             The game lasted 00:03:08 (1478 turns).

Jynx the Poker (Merfolk Gladiator)                  Turns: 1478, Time: 00:03:08

Health: -3/41      AC:  5    Str: 16    XL:     5   Next: 44%
Magic:  5/5        EV: 14    Int: 11    God:
Gold:   145        SH:  0    Dex: 15    Spells: 0 memorised, 4 levels left

rFire  . . .     SeeInvis .     a - +0 trident
rCold  . . .     Gourm    .     b - +0 leather armour
rNeg   . . .     Faith    .     (no shield)
rPois  .         Spirit   .     c - +0 helmet
rElec  .         Reflect  .     e - +0 cloak
rCorr  .         Harm     .     (no gloves)
MR     .....                    (no boots)
Stlth  +.........               (no amulet)
                                (no ring)
                                k - +4 ring of intelligence

@: no status effects
A: change form in water, swift swim, stealthy swim
a: no special abilities


You were on level 3 of the Dungeon.
You were not hungry.

You visited 1 branch of the dungeon, and saw 3 of its levels.

You collected 145 gold pieces.

Inventory:

Hand Weapons
 a - a +0 trident (weapon)
Missiles
 d - 3 throwing nets (quivered)
Armour
 b - a +0 leather armour (worn)
 c - a +0 helmet (worn)
 e - a +0 cloak (worn)
Jewellery
 i - an uncursed amulet of harm {unknown}
 k - a +4 ring of intelligence (left hand)
 n - a +5 ring of intelligence
Scrolls
 j - a scroll of magic mapping {unknown}
 o - a scroll of amnesia
 s - a scroll of blinking {unknown}
 u - a scroll of noise {unknown}
Potions
 h - a potion of magic
 l - a potion of heal wounds {unknown}
 m - a potion of might {unknown}
 q - a potion of curing
 r - a potion of haste {unknown}
Books
 t - a book of Cantrips

   Spells                             Type                      Level
   a - Confusing Touch                Hexes                        1
   b - Animate Skeleton               Necromancy                   1
   c - Summon Small Mammal            Summoning                    1
   d - Apportation                    Translocation                1
Comestibles
 f - 2 bread rations
 g - a beef jerky
 p - a meat ration


   Skills:
 + Level 3.4 Fighting
 * Level 6.5 Polearms
 + Level 3.0 Throwing
 + Level 4.7 Dodging


You had 4 spell levels left.
You didn't know any spells.

Dungeon Overview and Level Annotations

Branches:
Dungeon (3/15)

Altars:
Ashenzari
Cheibriados
Gozag

Annotations:
D:3 Natasha


Message History

Natasha hisses angrily.
You hit Natasha.
Natasha is lightly wounded.
You barely miss Natasha.
Natasha is lightly wounded.
Natasha barely misses you.
You hit Natasha but do no damage.
Natasha is lightly wounded.
Natasha claws you.
* * * LOW HITPOINT WARNING * * *
You are too injured to fight recklessly!
You are too injured to fight recklessly!
You puncture Natasha!
Natasha is severely wounded.
Natasha claws you!
* * * LOW HITPOINT WARNING * * *
You hit Natasha.
Natasha is almost dead.
Natasha claws you!
You die...

#......####. ####
###......... #..
............. #.#
##......####. #
###.#####.###..##...
####.#[$$$#....###..##.##
........_......###.....#
.###.#.$h.#.##(.#....#.#
###@##.....#......#
#.##.#..._....#.#
#.##.##..#...##.#
#.##.##..#h.###.##
.....##.###.......
##......###..#####
.####.###..# # .#
#.....## # ##..### #


You could see Natasha.

Vanquished Creatures
  Natasha (twice) (D:3)
  Terence (D:2)
  5 adders (D:2)
  A leopard gecko (D:2)
  A ball python (D:2)
  A giant cockroach (D:1)
  8 goblins
  8 hobgoblins
  3 jackals (D:1)
  6 kobolds
  A quokka (D:2)
  6 bats
  3 frilled lizards
  A rat (D:2)
47 creatures vanquished.

Notes
Turn   | Place    | Note
-------+----------+-------------------------------------------
     0 | D:1      | Jynx the Merfolk Gladiator began the quest for the Orb.
     0 | D:1      | Reached XP level 1. HP: 16/16 MP: 1/1
    65 | D:1      | Reached XP level 2. HP: 17/23 MP: 2/2
   320 | D:1      | Reached skill level 5 in Polearms
   555 | D:2      | Reached XP level 3. HP: 23/28 MP: 3/3
   896 | D:2      | Found a snail-covered altar of Cheibriados.
   916 | D:2      | Noticed Terence
   925 | D:2      | Killed Terence
   925 | D:2      | Reached XP level 4. HP: 30/35 MP: 4/4
  1182 | D:2      | Reached skill level 6 in Polearms
  1309 | D:2      | Reached XP level 5. HP: 41/41 MP: 5/5
  1325 | D:3      | Found a shattered altar of Ashenzari.
  1365 | D:3      | Noticed Natasha
  1375 | D:3      | Killed Natasha
  1419 | D:3      | Found an opulent altar of Gozag.
  1420 | D:3      | Noticed Natasha
  1435 | D:3      | Killed Natasha
  1462 | D:3      | Noticed Natasha
  1478 | D:3      | Slain by Natasha

Skill      XL: |  1  2  3  4  5 |
---------------+----------------+-----
Polearms       | 5 6 |  6.5
Fighting       | 3 |  3.4
Throwing       | 3 |  3.0
Dodging        | |  4.7

Action                   |  1- 3 |  4- 6 || total
-------------------------+-------+-------++-------
Melee: Trident           |   109 |    67 ||   176
  Use: Scroll            |     3 |       ||     3
 Stab: Distracted        |       |     1 ||     1
       Sleeping          |       |     1 ||     1
  Eat: Chunk             |       |     2 ||     2
Armor: Leather armour    |    33 |     5 ||    38
Dodge: Dodged            |    76 |    37 ||   113
